Map: Torres Crepusculares

Players

Cham - Winner!

  • Race: Zerg Zerg
  • League: Grandmaster

Erik

  • Race: Zerg Zerg
  • League: Grandmaster

Event: Copa America 2016 Season 1

VOD

Have the link to the VOD?

Description

Time

  • Played on: Feb. 17, 2016, 6:16 p.m.
  • Length: 14:35

All games in this series

Show
View Real Time Build Order
Export as new Build Order

Cham Zerg - Winner!

Build Orders: Pool First 

Get SALT Encoding   

  12  0:01  Drone  
  13  0:15  Extractor  
  12  0:24  Spawning Pool  
  12  0:28  Drone  
  12  0:33  Drone  
  13  0:38  Drone  
  14  0:47  Drone, Extractor  
  15  0:54  Overlord  
  15  1:12  Queen  
  15  1:17  Metabolic Boost  
  17  1:21  Zergling x2  
  17  1:24  Zergling x2  
  19  1:29  Zergling x2  
  20  1:33  Zergling x2  
  21  1:45  Zergling x2  
  21  1:46  Baneling Nest  
  21  1:55  Overlord  
  21  2:08  Zergling x2  
  22  2:17  Zergling x2  
  23  2:23  Zergling x6  
  26  2:31  Zergling x2  
  27  2:43  Zergling x2  
  26  3:01  Zergling x4  
  26  3:02  Zergling x2  
  26  3:05  Zergling x2  
  24  3:13  Baneling  
  24  3:15  Zergling x2  
  24  3:16  Hatchery  
  23  3:31  Zergling x4  
  24  3:39  Zergling x4  
  26  3:47  Zergling x2  
  26  3:48  Zergling x2  
  28  3:54  Baneling  
  28  3:55  Baneling x2  
  28  3:59  Zergling x2  
  27  4:06  Zergling x4  
  27  4:07  Zergling x2, Baneling  
  28  4:19  Zergling x2  
  28  4:23  Zergling x2  
  28  4:27  Baneling  
  28  4:28  Baneling  
  28  4:35  Drone x2  
  30  4:44  Drone x2  
  24  4:53  Drone  
  25  5:01  Drone  
  25  5:02  Drone x3  
  25  5:04  Baneling  
  25  5:06  Baneling  
  29  5:15  Drone x2  
  29  5:24  Zergling x6  
  32  5:29  Drone  
  32  5:34  Queen  
  34  5:40  Drone  
  34  5:41  Overlord  
  35  5:47  Drone  
  35  5:56  Roach Warren  
  33  5:58  Extractor  
  33  6:01  Drone x4  
  36  6:04  Baneling x2  
  36  6:07  Zergling x2  
  36  6:09  Zergling x2  
  38  6:17  Drone  
  39  6:22  Drone  
  38  6:37  Drone x3, Zergling x2  
  38  6:38  Lair  
  42  6:46  Drone  
  42  6:47  Drone x2  
  44  6:55  Overlord  
  44  6:59  Overlord  
  44  7:04  Hatchery  
  44  7:05  Overlord  
  43  7:10  Roach Warren  
  43  7:11  Drone, Extractor  
  43  7:12  Drone  
  43  7:18  Drone  
  43  7:19  Drone x3  
  43  7:21  Drone  
  48  7:24  Drone  
  48  7:26  Overlord  
  48  7:29  Drone  
  50  7:35  Extractor  
  50  7:36  Spire  
  47  7:44  Drone  
  47  7:45  Drone x3  
  47  7:48  Overlord  
  51  7:52  Baneling x4  
  51  7:54  Zergling x2  
  52  8:00  Overlord  
  52  8:03  Drone x4  
  52  8:04  Drone  
  57  8:06  Roach  
  57  8:11  Roach  
  61  8:15  Overlord  
  61  8:22  Overlord  
  61  8:25  Overlord  
  61  8:27  Queen  
  63  8:42  Overlord  
  63  8:47  Mutalisk x2  
  63  8:48  Mutalisk x5  
  73  8:49  Mutalisk  
  73  8:53  Overlord  
  73  8:55  Mutalisk  
  79  8:57  Mutalisk  
  83  9:06  Mutalisk  
  83  9:07  Overlord x2  
  85  9:11  Drone x2  
  85  9:14  Mutalisk  
  89  9:17  Overlord  
  89  9:20  Extractor  
  89  9:21  Extractor, Roach x3  
  89  9:23  Drone  
  94  9:28  Drone x3  
  94  9:30  Mutalisk  
  99  9:32  Overlord  
  99  9:36  Overlord  
  99  9:38  Mutalisk  
  101  9:52  Mutalisk  
  101  9:54  Zergling x8  
  101  9:55  Zergling x4  
  101  9:57  Overlord  
  109  10:02  Mutalisk  
  109  10:03  Zergling x2  
  109  10:04  Zergling x4  
  114  10:11  Overlord x2  
  114  10:12  Baneling x2  
  114  10:13  Mutalisk  
  116  10:15  Zergling x6  
  116  10:16  Zerg Flyer Weapons Level 1  
  119  10:22  Mutalisk  
  119  10:24  Overlord  
  119  10:26  Zergling x2  
  122  10:33  Mutalisk x2  
  122  10:35  Zergling x8  
  130  10:37  Zergling x2  
  130  10:38  Zergling x4  
  122  10:50  Mutalisk x2  
  122  10:55  Mutalisk  
  119  10:58  Mutalisk  
  119  11:00  Zergling x6  
  119  11:01  Drone x4  
  119  11:07  Mutalisk  
  119  11:09  Drone  
  121  11:14  Mutalisk  
  121  11:17  Mutalisk  
  126  11:18  Drone  
  126  11:23  Mutalisk  
  128  11:26  Zergling x4  
  122  11:37  Mutalisk x2  
  122  11:39  Zergling x2  
  125  11:40  Zergling x4  
  125  11:41  Zergling x4  
  125  11:46  Mutalisk x2, Spore Crawler  
  127  11:48  Spore Crawler  
  127  11:49  Zergling x2  
  127  11:50  Zergling x2, Spore Crawler  
  127  11:53  Mutalisk  
  130  12:00  Mutalisk  
  127  12:03  Zergling x8  
  115  12:11  Mutalisk  
  117  12:16  Mutalisk  
  117  12:19  Mutalisk  
  117  12:21  Zergling x6  
  124  12:28  Hatchery  
  124  12:29  Mutalisk x2  
  121  12:32  Zergling x6  
  121  12:35  Mutalisk  
  130  12:37  Zergling x2  
  130  12:38  Zergling x2  
  130  12:43  Mutalisk  
  131  12:45  Zergling x6  
  125  12:53  Mutalisk  
  125  12:55  Mutalisk  
  125  12:56  Zergling x2, Queen x2  
  120  12:58  Zergling x2  
  120  13:03  Mutalisk  
  120  13:04  Zergling x4  
  119  13:07  Mutalisk  
  119  13:12  Zergling x2  
  122  13:13  Zergling x4  
  122  13:14  Drone  
  122  13:19  Drone x4  
  129  13:24  Baneling x2  
  129  13:25  Drone x2, Baneling  
  131  13:28  Extractor  
  131  13:30  Mutalisk  
  131  13:32  Extractor  
  131  13:38  Drone x2  
  131  13:39  Drone  
  128  13:50  Mutalisk x3  
  127  13:55  Mutalisk  
  127  13:56  Zergling x2  
  127  13:58  Mutalisk  
  127  13:59  Zergling x4  
  117  14:03  Zergling x4  
  117  14:07  Mutalisk  
  117  14:08  Zergling x2  
  117  14:09  Zergling x8  
Show
View Real Time Build Order
Export as new Build Order

Erik Zerg 

Build Orders: Pool First 

Get SALT Encoding   

  12  0:18  Spawning Pool  
  11  0:22  Drone  
  11  0:27  Drone  
  13  0:33  Drone  
  14  0:41  Overlord  
  14  1:06  Zergling x6  
  17  1:17  Hatchery  
  16  1:19  Zergling x2  
  17  1:28  Zergling x2  
  18  1:33  Queen  
  20  1:41  Zergling x2  
  21  1:49  Overlord  
  21  2:10  Spine Crawler, Queen  
  19  2:28  Spine Crawler  
  19  2:29  Queen  
  18  2:33  Zergling x4  
  22  2:40  Zergling x2  
  23  2:48  Zergling x2  
  21  3:03  Zergling x2  
  21  3:04  Zergling x6  
  18  3:15  Zergling x4  
  18  3:30  Zergling x8  
  19  3:35  Zergling x2  
  20  3:49  Queen  
  22  3:56  Drone  
  22  4:00  Drone  
  21  4:20  Zergling x2  
  21  4:21  Zergling x8  
  25  4:29  Zergling x2  
  20  4:49  Queen  
  20  4:52  Queen  
  22  5:04  Drone  
  22  5:05  Drone  
  22  5:06  Drone  
  23  5:24  Drone  
  23  5:28  Queen  
  25  5:36  Drone x2  
  25  5:42  Drone  
  28  5:46  Drone  
  29  5:51  Drone  
  30  5:57  Drone  
  30  5:58  Drone  
  30  6:03  Drone x2  
  34  6:08  Drone  
  35  6:15  Drone  
  35  6:16  Drone, Extractor  
  35  6:17  Extractor  
  35  6:23  Overlord  
  35  6:32  Queen  
  36  6:38  Drone  
  35  6:43  Drone x5  
  39  6:48  Drone x2  
  39  6:51  Drone x2  
  42  7:01  Roach Warren  
  41  7:13  Overlord  
  41  7:21  Overlord  
  42  7:22  Drone  
  42  7:23  Drone  
  43  7:39  Hatchery  
  43  7:40  Lair  
  42  7:45  Roach x4  
  42  7:51  Drone x2, Extractor  
  51  7:52  Drone, Extractor  
  51  7:56  Drone x2  
  53  8:04  Overlord x2  
  53  8:07  Drone  
  54  8:14  Drone  
  54  8:17  Overlord  
  55  8:22  Drone x3  
  58  8:41  Spire  
  57  8:43  Drone x2  
  57  8:44  Drone  
  57  8:45  Overseer  
  57  8:47  Extractor  
  57  8:48  Drone x4, Extractor  
  61  8:49  Drone x2  
  61  8:53  Overlord  
  64  9:13  Queen  
  64  9:14  Queen  
  64  9:16  Queen  
  70  9:22  Drone, Spore Crawler  
  70  9:24  Drone x2  
  70  9:25  Drone x4  
  76  9:32  Spore Crawler  
  76  9:33  Overlord  
  76  9:36  Overlord  
  75  9:38  Overlord  
  73  9:56  Zerg Flyer Armor Level 1  
  73  10:06  Mutalisk x6  
  73  10:07  Mutalisk x2  
  75  10:12  Mutalisk  
  75  10:13  Mutalisk  
  92  10:23  Mutalisk  
  92  10:24  Mutalisk x2  
  98  10:33  Mutalisk x3  
  95  10:53  Mutalisk  
  95  10:54  Mutalisk x3  
  95  11:04  Drone x6  
  99  11:16  Mutalisk x3  
  105  11:19  Drone x4  
  104  11:36  Mutalisk x3  
  110  11:44  Mutalisk  
  108  11:51  Extractor  
  107  11:55  Mutalisk x2  
  107  12:07  Queen x3  
  101  12:10  Drone x3  
  101  12:12  Mutalisk x2  
  101  12:14  Zergling x2  
  101  12:15  Zergling x10  
  108  12:24  Infestation Pit  
  106  12:33  Mutalisk  
  106  12:34  Overlord, Mutalisk  
  112  12:46  Overlord x2  
  112  12:49  Hatchery  
  101  12:58  Mutalisk x3  
  91  13:13  Metabolic Boost, Drone x2  
  91  13:16  Mutalisk  
  91  13:18  Zergling x4, Spore Crawler  
  91  13:19  Zergling x4  
  98  13:28  Spine Crawler  
  98  13:29  Mutalisk  
  98  13:31  Spine Crawler  
  98  13:39  Drone x4  
  82  13:57  Mutalisk  
  82  13:58  Mutalisk x3  
  74  14:05  Mutalisk  
Tags
 
Add a new tag
Caveats
  • Supply blocks, unpowered buildings, or Contaminate may cause inaccurate times.
  • Supply counts are checked every 10 seconds.